 Dungeon Crawl Stone Soup version 0.27.1-35-g4d5d836560 (webtiles) character file.

Game seed: 11997987194865404489

346 Lorrdernie the Caller (level 6, -4/24 HPs)
             Began as a Felid Summoner on Dec 26, 2022.
             Slain by a troll (11 damage)
             ... on level 5 of the Dungeon.
             The game lasted 00:11:37 (6658 turns).

Lorrdernie the Caller (Felid Summoner)              Turns: 6658, Time: 00:11:38

Health: -4/24      AC:  2    Str:  4    XL:     6   Next: 32%
Magic:  7/12       EV: 17    Int: 18    God:
Gold:   156        SH:  0    Dex: 17    Spells: 2/11 levels left
                                        Lives:  0   Deaths: 1

rFire    . . .     SeeInvis +   (weapon unavailable)
rCold    . . .     Faith    .   (shield unavailable)
rNeg     . . .     Spirit   .   (armour unavailable)
rPois    .         Reflect  .   (helmet unavailable)
rElec    .         Harm     .   (cloak unavailable)
rCorr    +         Rampage  .   (gloves unavailable)
Will     .....                  (boots unavailable)
Stlth    ++........             (no amulet)
HPRegen  0.08/turn              h - ring of resist corrosion
MPRegen  0.13/turn              (no ring)

@: studying Air Magic, quick
A: very small, claws 1, fangs 3, see invisible, speed 1, shaggy fur 2, stealthy
paws, no weapons or thrown items, no armour, multi-lived
a: no special abilities


You were on level 5 of the Dungeon.
You visited 1 branch of the dungeon, and saw 5 of its levels.

You collected 156 gold pieces.

Inventory:

Jewellery
 f - an amulet of faith
 h - a ring of resist corrosion (left paw)
Wands
 c - a wand of digging (1)
Scrolls
 l - a scroll of blinking
 n - a scroll of vulnerability {unknown}
 o - a scroll of identify
 p - a scroll of amnesia {unknown}
 q - a scroll of teleportation
Potions
 a - 2 potions of degeneration {unknown}
 b - a potion of might {unknown}
 d - a potion of attraction {unknown}
 e - 2 potions of haste
 g - a potion of cancellation
 i - 2 potions of heal wounds {unknown}
 j - a potion of resistance {unknown}
 k - a potion of curing
 m - a potion of invisibility {unknown}


   Skills:
 - Level 2.6 Dodging
 - Level 2.6 Stealth
 + Level 3.3 Spellcasting
 + Level 3.3 Hexes
 * Level 7.1 Summonings


You had 2 spell levels left.
You knew the following spells:

 Your Spells              Type           Power      Damage    Failure   Level
a - Summon Small Mammal   Summ           100%       N/A       1%          1
b - Call Imp              Summ           28%        N/A       1%          2
c - Call Canine Familiar  Summ           28%        N/A       2%          3
d - Summon Guardian Gole  Hex/Summ       21%        N/A       5%          3

Your spell library contained the following spells:

 Spells                   Type           Power      Damage    Failure   Level
 Dazzling Flash           Conj/Hex       16%        N/A       24%         3
 Summon Lightning Spire   Summ/Air       15%        N/A       34%         4
 Animate Dead             Necr           1%         N/A       83%         4
 Iskenderun's Mystic Bla  Conj/Tloc      3%         2d3       83%         4
 Borgnjor's Vile Clutch   Necr/Erth      1%         N/A       99%         5
 Death Channel            Necr           1%         N/A       100%        6
 Dispersal                Tloc           1%         N/A       100%        6
 Starburst                Conj/Fire      1%         6d3       100%        6
 Disjunction              Tloc           1%         N/A       100%        8


Dungeon Overview and Level Annotations

Branches:
Dungeon (5/15)
 Temple: D:4-7

Altars:
Okawaru

Shops:
D:3 :

Annotations:
D:4 2 transporters, pkoi's ghost, amateur DgGl


Innate Abilities, Weirdness & Mutations

You have sharp claws.
You have razor-sharp teeth.
You have supernaturally acute eyesight. (SInv)
You cover ground quickly. (Speed+)
You are covered in thick fur. (AC +2)
Your paws help you pounce on unaware monsters.
You are incapable of wielding weapons or throwing items.
You cannot wear armour.
You gain extra lives every three experience levels.


Message History

Gang up on whom?
Press: ? - help, Dir - move target, f - troll
Aim: a troll Attack!
Your hound misses the troll.
Your crimson imp blinks!
Your hound bites the troll.
The troll bites your guardian golem! The troll claws your guardian golem!
The troll claws your guardian golem but does no damage.
Your hound bites the troll but does no damage.
The troll bites your guardian golem! The troll claws your guardian golem!
Your guardian golem is destroyed!
Your guardian golem disappears in a puff of smoke!
Unknown command.
Casting: Summon Guardian Golem (quite dangerous; 5% risk of failure)
Confirm with . or Enter, or press ? or * to list all spells.
The spell is quite dangerous to cast (5% risk of failure)!
Continue anyway?
A guardian golem appears, shielding your allies.
Your hound bites the troll but does no damage.
Your hound closely misses the troll.
Your hound bites the troll.
Your crimson imp blinks!
Your hound bites the troll.
Your crimson imp blinks!
The troll closely misses you. The troll claws you. The troll misses you.
Your hound bites the troll.
Your hound bites the troll.
Your iron imp hits the troll.
Your crimson imp blinks!
The troll bites your iron imp! The troll claws your iron imp!
Your iron imp dies!
Your iron imp disappears in a puff of smoke!
Your hound bites the troll.
Your hound bites the troll but does no damage.
Your crimson imp blinks!
The troll misses you. The troll closely misses you.
The troll barely misses you.
You swap places.
Your hound bites the troll.
The troll bites you! The troll claws you.
* * * LOW HITPOINT WARNING * * *
The troll claws you!
You die...

..$.#....##........
##........##........
##........##..#......
#..........ยง.)##.....
#......[#...)........
#................#..
#...............###.
#...........###...#
##.@8.......# #... ... ..
##.#hT......## ..## .... .###
#..........#####.... ....
..!.....#.........##...### .....
........#.........##......
#....##.....# ##>...............
........##.##...................
................................
........#. ..##...............


You could see a troll (ally target), a friendly guardian golem (summoned) and a
friendly hound (summoned, sheltered).

Vanquished Creatures
  A ball python (D:2)
  A frilled lizard (D:2)
  A rat (D:1)
3 creatures vanquished.

Vanquished Creatures (collateral kills)
  Eustachio (D:4)
  Menkaure (D:5)
  An ogre (D:5)
  A phantom (D:4)
  A scorpion (D:5)
  A gnoll shaman (D:4)
  An orc priest (D:3)
  A hound (D:5)
  An iguana (D:3)
  Natasha (thrice) (D:2)
  A hound skeleton (D:4)
  4 gnolls (D:3)
  6 adders
  An adder zombie (D:5)
  An adder skeleton (D:4)
  2 worms (D:2)
  3 dart slugs
  8 orcs
  9 endoplasms
  6 giant cockroaches
  5 goblins
  8 hobgoblins
  4 quokkas
  9 ball pythons
  3 bats
  2 frilled lizards (D:3)
  6 kobolds
  6 rats
96 creatures vanquished.

Vanquished Creatures (others)
  7 plants (D:1)
7 creatures vanquished.

Grand Total: 106 creatures vanquished

Notes
Turn   | Place    | Note
-------+----------+-------------------------------------------
     0 | D:1      | Lorrdernie the Felid Summoner began the quest for the Orb.
     0 | D:1      | Reached XP level 1. HP: 7/7 MP: 4/4
   600 | D:1      | Reached XP level 2. HP: 3/11 MP: 3/6
   615 | D:1      | Learned a level 2 spell: Call Imp
  1861 | D:2      | Found a faded altar of an unknown god.
  2223 | D:2      | Noticed Natasha
  2243 | D:2      | Killed Natasha
  2244 | D:2      | Reached skill level 5 in Summonings
  2244 | D:2      | Reached XP level 3. HP: 14/14 MP: 2/7
  2298 | D:2      | Learned a level 3 spell: Call Canine Familiar
  2783 | D:2      | Noticed Natasha
  2795 | D:2      | Killed Natasha
  3148 | D:2      | Noticed Natasha
  3157 | D:2      | Killed Natasha
  3158 | D:2      | Reached XP level 4. HP: 18/18 MP: 3/8
  3746 | D:3      | Reached skill level 6 in Summonings
  4162 | D:3      | Reached XP level 5. HP: 21/21 MP: 5/9
  4209 | D:3      | Learned a level 3 spell: Summon Guardian Golem
  4274 | D:3      | Found Yghasm's Book Emporium.
  4439 | D:3      | Found an iron altar of Okawaru.
  5005 | D:4      | Noticed a phantom
  5022 | D:4      | Killed a phantom
  5023 | D:4      | Reached skill level 1 in Hexes
  5153 | D:4      | Identified the +1 mace of the Land of Plenty {freeze, rF-
                  | Will+ Stlth+}
  5227 | D:4      | Noticed Eustachio
  5230 | D:4      | Slain by Eustachio
  5231 | D:4      | Reached XP level 4. HP: -4/18 MP: 6/9
  5247 | D:4      | Found a transporter.
  5276 | D:4      | Killed Eustachio
  5277 | D:4      | Reached XP level 5. HP: 19/21 MP: 2/10
  5685 | D:4      | Found a transporter.
  5686 | D:4      | Noticed pkoi's ghost (amateur DgGl)
  5695 | D:4      | Identified the +5 great mace of Ocvodin {vamp, Will+ rCorr
                  | Int+2}
  5695 | D:4      | Noticed an ogre
  5695 | D:4      | Noticed an ogre
  6022 | D:5      | Entered Level 5 of the Dungeon
  6025 | D:5      | Noticed a troll
  6250 | D:5      | Noticed Menkaure
  6266 | D:5      | Killed Menkaure
  6267 | D:5      | Reached skill level 7 in Summonings
  6267 | D:5      | Gained mutation: You are covered in thick fur. (AC +2)
                  | [Felid growth]
  6267 | D:5      | Reached XP level 6. HP: 14/24 MP: 1/11
  6658 | D:5      | Slain by a troll

Illustrated notes

Levels and vault maps discovered:
D:1:      shiori_shiawase, layout_rooms, serial_bayou, serial_bayou_lagoon_b,
          serial_bayou_shore_a, serial_bayou_shore_b, serial_bayou_crossing,
          serial_bayou_pond_e
D:2:      layout_loops_corners, hellmonk_ecumenical_altar_pennies_from_heaven,
          uniq_natasha
D:3:      layout_loops_ring, mainiacjoe_overflow_concentric_impassable,
          serial_shops, shop, chequers_serial_rivers_micro_c
D:4:      layout_basic, gammafunk_ghost_smash, chequers_serial_rivers_small_3,
          minmay_manual_mess, uniq_eustachio
D:5:      layout_cave_pools, uniq_menkaure

Skill      XL: |  1  2  3  4  5 |
---------------+----------------+-----
Summonings     | 5 6 7 |  7.1
Hexes          | 2 3 |  3.3
Spellcasting   | 3 |  3.3
Dodging        | |  2.6
Stealth        | |  2.6

Action                   |  1- 3 |  4- 6 || total
-------------------------+-------+-------++-------
Melee: Unarmed           |    15 |    25 ||    40
       Bite              |       |     3 ||     3
 Cast: Summon Small Mamm |    20 |     3 ||    23
       Call Imp          |    38 |    41 ||    79
       Call Canine Famil |       |    20 ||    20
       Summon Guardian G |       |     2 ||     2
  Use: Potion            |       |     1 ||     1
       Scroll            |       |    10 ||    10
 Stab: Sleeping          |     2 |       ||     2
Armor: Skin              |       |     2 ||     2
Dodge: Dodged            |    18 |    45 ||    63
